[Event "Titled Tuesday Blitz March 21 Late 2023"]
[White "Zirkelbach, Maj"]
[Black "Costachi, Mihnea"]
[WhiteFideId "14613395"]
[BlackFideId "1217518"]
[WhiteElo "2138"]
[BlackElo "2456"]
[Result "0-1"]
[Round "01"]
[TimeControl "180+2"]
[Date "2023.03.21"]
[WhiteClock "0:00:03"]
[BlackClock "0:00:04"]

1. d4 Nf6 2. c4 g6 3. h4 h5 4. Nc3 c6 5. e4 d5 6. e5 Ng4 7. Nf3 Bh6 8. Ng5 f6 9. Nf3 Bxc1 10. Qxc1 Bf5 11. cxd5 cxd5 12. Bb5+ Nc6 13. Bxc6+ bxc6 14. O-O fxe5 15. dxe5 e6 16. Na4 Rc8 17. Nc5 Qe7 18. b4 O-O 19. Re1 Rb8 20. a3 a5 21. Qd2 axb4 22. axb4 Ra8 23. Ng5 Kg7 24. g3 Nh6 25. Qb2 Nf7 26. Nxf7 Qxf7 27. b5 cxb5 28. Rxa8 Rxa8 29. Qxb5 Rd8 30. Qc6 Kh6 31. Nb7 Rf8 32. Nd6 Qa7 33. Re2 Bg4 34. Qc1+ Kh7 35. Rc2 Qd4 36. Rc7+ Kg8 37. Qe1 Ra8 38. Rc8+ Rxc8 39. Nxc8 Bf3 40. Nd6 Qb2 41. Kh2 d4 42. Ne4 Bxe4 43. Qxe4 Qxf2+ 44. Kh3 Qf5+ 45. Qxf5 exf5 46. Kg2 Kf7 47. Kf3 Ke6 48. Kf4 Kd5 49. Kg5 Kxe5 50. Kxg6 d3 51. Kxh5 Kf6 52. Kh6 d2 53. g4 d1=Q 54. g5+ Ke6 55. h5 f4 56. g6 Qg4 57. g7 Ke5 58. g8=Q Qf5 59. Qg7+ Qf6+ 0-1


[Site "https://www.chess.com"]

[Event "Titled Tuesday Blitz March 21 Late 2023"]
[White "Rasulov, Vugar"]
[Black "JackRodgers"]
[WhiteFideId "13402390"]
[WhiteElo "2509"]
[BlackElo "2475"]
[Result "1-0"]
[Round "01"]
[TimeControl "180+2"]
[Date "2023.03.21"]
[WhiteClock "0:00:28"]
[BlackClock "0:00:07"]

1. d4 Nf6 2. c4 e6 3. Nf3 b6 4. g3 Bb7 5. Bg2 Bb4+ 6. Nbd2 O-O 7. O-O h6 8. b3 Be7 9. Bb2 d6 10. Qc2 Nbd7 11. e4 c5 12. e5 Ne8 13. Rad1 cxd4 14. exd6 Nxd6 15. Nxd4 Bxg2 16. Kxg2 Qc7 17. N2f3 Rac8 18. Qe2 Nf6 19. Ne5 Rfe8 20. Rfe1 Qb7+ 21. Qf3 Qxf3+ 22. Kxf3 a6 23. h3 b5 24. cxb5 Nxb5 25. Rc1 Nd5 26. Nxb5 axb5 27. Nc6 Bf8 28. Bd4 Nb4 29. Nxb4 Bxb4 30. Rxc8 Rxc8 31. Re2 Kf8 32. Ke4 Rc6 33. Kd3 f6 34. Rc2 Rxc2 35. Kxc2 Ke7 36. a4 bxa4 37. bxa4 Kd6 38. Kb3 Bd2 39. Kc4 Kc6 40. g4 e5 41. Bc5 g6 42. Bf8 f5 43. f3 h5 44. gxh5 gxh5 45. Bb4 Be3 46. a5 e4 47. fxe4 fxe4 48. Bc3 Bf2 49. Bd4 e3 50. Kd3 Kb5 51. Bb6 Bg1 52. Ke2 Bf2 53. Kf3 Bg1 54. Bxe3 Bxe3 55. Kxe3 Kxa5 56. Kf4 Kb6 57. Kg5 Kc7 58. Kxh5 Kd8 59. Kg6 Ke8 60. Kg7 Ke7 61. h4 1-0


[Site "https://www.chess.com"]

[Event "Titled Tuesday Blitz March 21 Late 2023"]
[White "Kubatko, Ivan"]
[Black "Drygalov, Andrey"]
[WhiteFideId "24111473"]
[BlackFideId "24171735"]
[WhiteElo "2285"]
[BlackElo "2471"]
[Result "0-1"]
[Round "01"]
[TimeControl "180+2"]
[Date "2023.03.21"]
[WhiteClock "0:00:49"]
[BlackClock "0:01:45"]

1. e4 c5 2. c3 Nf6 3. e5 Nd5 4. d4 cxd4 5. cxd4 e6 6. Nf3 d6 7. Bd3 Bd7 8. O-O Bc6 9. a3 Nd7 10. Re1 Be7 11. Nbd2 dxe5 12. dxe5 Nc5 13. Bc2 Nf4 14. Nc4 Nfd3 15. Nd6+ Bxd6 16. Bxd3 Nxd3 17. Qxd3 Bc5 18. Qe2 O-O 19. b4 Be7 20. Be3 Bd5 21. Rac1 a5 22. Bc5 axb4 23. axb4 Ra3 24. Nd4 Bxc5 25. Rxc5 Bxg2 26. Nb5 Bf3 0-1


[Site "https://www.chess.com"]

[Event "Titled Tuesday Blitz March 21 Late 2023"]
[White "Baskakov, Egor"]
[Black "Donskov, Anatoly"]
[WhiteFideId "24197866"]
[BlackFideId "24143413"]
[WhiteElo "2212"]
[BlackElo "2247"]
[Result "1-0"]
[Round "01"]
[TimeControl "180+2"]
[Date "2023.03.21"]
[WhiteClock "0:01:51"]
[BlackClock "0:00:32"]

1. e4 c5 2. Nf3 e6 3. Be2 Nc6 4. c4 Nd4 5. Nxd4 cxd4 6. d3 Ne7 7. O-O Nc6 8. Nd2 g6 9. f4 Bg7 10. Nf3 d6 11. Bd2 a5 12. b3 O-O 13. a3 b6 14. b4 axb4 15. axb4 Bb7 16. Qb3 Qd7 17. b5 Ne7 18. Bb4 Rfd8 19. Qb2 h6 20. Rxa8 Rxa8 21. Ra1 Rxa1+ 22. Qxa1 f5 23. e5 Bxf3 24. Bxf3 dxe5 25. Qa8+ Kf7 26. Bc6 Qc7 27. Qe8+ Kf6 28. Bxe7+ 1-0


[Site "https://www.chess.com"]

[Event "Titled Tuesday Blitz March 21 Late 2023"]
[White "Balla, Tamas-Kristof"]
[Black "Rustemov, Alexander"]
[WhiteFideId "1208497"]
[BlackFideId "4119002"]
[WhiteElo "2334"]
[BlackElo "2867"]
[Result "1/2-1/2"]
[Round "01"]
[TimeControl "180+2"]
[Date "2023.03.21"]
[WhiteClock "0:00:15"]
[BlackClock "0:00:14"]

1. e4 e6 2. d4 d5 3. Nd2 dxe4 4. Nxe4 Bd7 5. Nf3 Bc6 6. Bd3 Nd7 7. Qe2 Ngf6 8. c3 Nxe4 9. Bxe4 Bxe4 10. Qxe4 c6 11. Bg5 Be7 12. Bxe7 Qxe7 13. O-O O-O 14. Rfe1 Rad8 15. Qc2 h6 16. h3 Qd6 17. Ne5 Nxe5 18. Rxe5 Qc7 19. Rae1 Rd5 20. Rxd5 cxd5 21. Re3 b5 22. Rg3 Rc8 23. b4 Qc4 24. Qd2 Kf8 25. Kh2 Qc7 26. Qe2 Qf4 27. Qxb5 Rxc3 28. Qa5 Rc7 29. b5 g5 30. Qa3+ Kg7 31. Qe3 Qxe3 32. Rxe3 Kf6 33. Kg3 Kf5 34. Ra3 h5 35. f3 h4+ 36. Kh2 Kf4 37. Rb3 Rc4 38. Ra3 Rc7 39. Rb3 f6 40. a4 e5 41. dxe5 fxe5 42. a5 Rb7 43. b6 axb6 44. axb6 d4 45. Kg1 e4 46. fxe4 Kxe4 47. Kf2 Kd5 48. Ke2 Kc4 49. Rb1 Re7+ 50. Kd2 Rb7 51. Rb2 1/2-1/2


[Site "https://www.chess.com"]

[Event "Titled Tuesday Blitz March 21 Late 2023"]
[White "Perez Ponsa, Federico"]
[Black "Guliev, Logman"]
[WhiteFideId "117927"]
[BlackFideId "13400061"]
[WhiteElo "2592"]
[BlackElo "2161"]
[Result "1-0"]
[Round "01"]
[TimeControl "180+2"]
[Date "2023.03.21"]
[WhiteClock "0:00:54"]
[BlackClock "0:00:22"]

1. e4 e5 2. Nf3 Nc6 3. Bc4 Nf6 4. d3 Be7 5. O-O d6 6. a4 Bg4 7. c3 O-O 8. h3 Bh5 9. Nbd2 a6 10. Re1 d5 11. exd5 Nxd5 12. Ne4 Kh8 13. Ng3 Bg6 14. Nxe5 Nxe5 15. Rxe5 Nb6 16. Bb3 Bf6 17. Re3 c5 18. a5 Nd5 19. Re1 Nc7 20. Ne4 Bh4 21. Nxc5 Qf6 22. Be3 Rad8 23. Qg4 Bf5 24. Qf3 Qg6 25. Ra4 Be7 26. Rf4 Bxd3 27. Nxd3 Rxd3 28. Bc2 Rxe3 29. Qxe3 Qxc2 30. Qxe7 Rc8 31. Qxc7 1-0


[Site "https://www.chess.com"]

[Event "Titled Tuesday Blitz March 21 Late 2023"]
[White "Dudzinski, Pawel"]
[Black "Moussard, Jules"]
[WhiteFideId "1117890"]
[BlackFideId "642908"]
[WhiteElo "2099"]
[BlackElo "2610"]
[Result "0-1"]
[Round "01"]
[TimeControl "180+2"]
[Date "2023.03.21"]
[WhiteClock "0:00:05"]
[BlackClock "0:00:40"]

1. e4 e5 2. Nf3 d6 3. d4 exd4 4. Nxd4 Nf6 5. Nc3 Be7 6. g3 O-O 7. Bg2 Re8 8. O-O Bf8 9. Re1 c6 10. a4 a5 11. h3 Na6 12. b3 g6 13. Bb2 Bg7 14. Qd2 Nb4 15. Rad1 Nd7 16. Re2 Nc5 17. Rde1 Qb6 18. Nf3 Be6 19. Nd1 Bxb2 20. Nxb2 Rad8 21. Nd4 Bc8 22. Nc4 Qc7 23. Qf4 Ne6 24. Nxe6 Bxe6 25. Ne3 Qb6 26. Ng4 Bxg4 27. Qxg4 Qc5 28. Qf4 Nxc2 29. Rc1 Nd4 30. Ree1 Qe5 31. Qe3 c5 32. f4 Qe7 33. e5 b6 34. Kh2 h5 35. Qf2 dxe5 36. fxe5 Nxb3 37. Rc3 Nd4 38. Bh1 f5 39. g4 hxg4 40. hxg4 fxg4 41. Qf4 Qh4+ 42. Kg1 Qxe1+ 43. Kg2 Qxc3 0-1


[Site "https://www.chess.com"]

[Event "Titled Tuesday Blitz March 21 Late 2023"]
[White "Ozen, Bahadir"]
[Black "Bilan, Danila"]
[WhiteFideId "6337058"]
[BlackFideId "24161918"]
[WhiteElo "2503"]
[BlackElo "2182"]
[Result "1/2-1/2"]
[Round "01"]
[TimeControl "180+2"]
[Date "2023.03.21"]
[WhiteClock "0:00:36"]
[BlackClock "0:00:09"]

1. d4 d5 2. Nf3 Nf6 3. c4 c6 4. e3 e6 5. Nbd2 Nbd7 6. Bd3 Bd6 7. O-O O-O 8. e4 e5 9. cxd5 cxd5 10. exd5 exd4 11. Re1 Nxd5 12. Nxd4 Bxh2+ 13. Kxh2 Qh4+ 14. Kg1 Qxd4 15. Nf3 Qf6 16. Ng5 g6 17. Nxh7 Kxh7 18. Qh5+ Kg8 19. Qxd5 Nb6 20. Qc5 Bf5 21. Bxf5 Qxf5 22. Qxf5 gxf5 23. Re5 Rfe8 24. Bf4 Rxe5 25. Bxe5 Re8 26. Bd4 Re4 27. Bxb6 axb6 28. Kf1 Rc4 29. Rd1 Rc2 30. Rd7 Rxb2 31. Rxb7 Rxa2 32. Rxb6 Kg7 33. g3 f6 34. Rb8 Kg6 35. Rg8+ Kf7 36. Rc8 Kg6 37. Kg2 Ra4 38. Rc3 Rb4 39. Ra3 Rc4 40. Rd3 Rb4 41. Kh3 Rc4 42. Rb3 Rd4 43. f4 Re4 44. Rb8 Ra4 45. Rh8 Kg7 46. Rd8 Kg6 47. Rd1 Ra2 48. Rb1 Ra4 49. Rb2 Rc4 50. Ra2 Rb4 51. Ra8 Rc4 52. Rg8+ Kf7 53. Ra8 Kg6 54. Rg8+ Kf7 55. Ra8 Kg6 1/2-1/2


[Site "https://www.chess.com"]

[Event "Titled Tuesday Blitz March 21 Late 2023"]
[White "Gonzalez, Francisco Silva"]
[Black "Zakhartsov, Vladimir"]
[WhiteFideId "1512285"]
[BlackFideId "4145097"]
[WhiteElo "2074"]
[BlackElo "2521"]
[Result "0-1"]
[Round "01"]
[TimeControl "180+2"]
[Date "2023.03.21"]
[WhiteClock "0:00:33"]
[BlackClock "0:00:45"]

1. d4 Nf6 2. c4 e6 3. Nc3 Bb4 4. a3 Bxc3+ 5. bxc3 O-O 6. e3 d6 7. f3 e5 8. e4 b6 9. Bd3 Ba6 10. Ne2 Nc6 11. Bg5 Na5 12. Ng3 h6 13. Bc1 Bxc4 14. Bxc4 Nxc4 15. Qd3 d5 16. O-O b5 17. a4 dxe4 18. fxe4 c6 19. axb5 cxb5 20. Nf5 Kh7 21. Ra6 Ng8 22. Qh3 f6 23. d5 Qc8 24. Rc6 Qd7 25. Qg4 Rac8 26. Ra6 Rf7 27. Qe2 Ne7 28. Nh4 Qb7 29. Re6 Ng6 30. Nf5 Nf8 31. Qg4 Nxe6 32. dxe6 Qb6+ 33. Kh1 Qxe6 34. Nxh6 Qxg4 35. Nxg4 Rd7 36. Ne3 Nxe3 37. Bxe3 Rxc3 38. Bc1 Rcd3 39. Bh6 Rd1 40. Bc1 Rxf1# 0-1


[Site "https://www.chess.com"]

[Event "Titled Tuesday Blitz March 21 Late 2023"]
[White "Tymrakiewicz, Rafal"]
[Black "Van Foreest, Lucas"]
[WhiteFideId "1108832"]
[BlackFideId "1039792"]
[WhiteElo "2151"]
[BlackElo "2519"]
[Result "0-1"]
[Round "01"]
[TimeControl "180+2"]
[Date "2023.03.21"]
[WhiteClock "0:00:01"]
[BlackClock "0:01:27"]

1. e4 b5 2. d4 Bb7 3. Nd2 a6 4. Bd3 Nf6 5. f4 e6 6. Ngf3 c5 7. c3 Qb6 8. O-O Nc6 9. Kh1 cxd4 10. cxd4 Nxd4 11. Nxd4 Qxd4 12. Nb3 Qb6 13. Qe2 d6 14. Be3 Qd8 15. Bd4 Be7 16. Rad1 O-O 17. Rf3 Qc7 18. Rc1 Qb8 19. Rg3 e5 20. Be3 Bxe4 21. fxe5 dxe5 22. Bg5 Bg6 23. Bxg6 hxg6 24. Rf1 Qd6 25. Nd2 Nh5 26. Ne4 Nxg3+ 27. hxg3 Qe6 28. Bxe7 Qxe7 0-1


[Site "https://www.chess.com"]

[Event "Titled Tuesday Blitz March 21 Late 2023"]
[White "Ashraf, Artin"]
[Black "Fernandez, Maria Florencia"]
[WhiteFideId "22514805"]
[BlackFideId "116459"]
[WhiteElo "2188"]
[BlackElo "2155"]
[Result "1-0"]
[Round "01"]
[TimeControl "180+2"]
[Date "2023.03.21"]
[WhiteClock "0:00:55"]
[BlackClock "0:00:01"]

1. e4 c5 2. Nf3 d6 3. d4 cxd4 4. Nxd4 Nf6 5. Nc3 g6 6. Be3 Bg7 7. f3 O-O 8. Qd2 Nc6 9. O-O-O d5 10. exd5 Nxd5 11. Nxc6 bxc6 12. Bd4 e5 13. Bc5 Be6 14. Ne4 Re8 15. Bc4 Qc7 16. h4 h6 17. h5 g5 18. Bd6 Qb6 19. g4 Ne3 20. Bxe6 Rxe6 21. Bc5 Nc4 22. Bxb6 Nxd2 23. Rxd2 axb6 24. a3 Bf8 25. Rhd1 Kg7 26. Rd7 Rae8 27. Rb7 b5 28. Rdd7 R8e7 29. Rxe7 Bxe7 30. c4 bxc4 31. Kc2 c5 32. Kc3 Ra6 33. Rxe7 Kf8 34. Rxe5 Ra7 35. Rxc5 Rd7 36. Rxc4 Rd1 37. Rd4 Rc1+ 38. Kb4 Rf1 39. Rd3 Rb1 40. b3 Ke7 41. a4 Ke6 42. a5 f5 43. Nc5+ Ke5 44. a6 Ra1 45. Na4 fxg4 46. a7 g3 47. a8=Q g2 48. Qe4+ Kf6 49. Rd6+ Kf7 50. Qe6+ Kf8 51. Rd8+ Kg7 52. Rd7+ Kh8 53. Qe8# 1-0


[Site "https://www.chess.com"]

[Event "Titled Tuesday Blitz March 21 Late 2023"]
[White "Tworuszka, Michal"]
[Black "Rostovtsev, Dmitry"]
[WhiteFideId "1117858"]
[BlackFideId "34278320"]
[WhiteElo "2449"]
[BlackElo "2280"]
[Result "0-1"]
[Round "01"]
[TimeControl "180+2"]
[Date "2023.03.21"]
[WhiteClock "0:00:12"]
[BlackClock "0:00:32"]

1. d4 Nf6 2. c4 e6 3. Nc3 Bb4 4. f3 d5 5. a3 Bxc3+ 6. bxc3 c6 7. e3 O-O 8. Nh3 b6 9. Nf4 Ba6 10. Qb3 Nbd7 11. Be2 e5 12. Nh3 Re8 13. O-O c5 14. Qa4 Qc8 15. dxe5 Nxe5 16. Nf4 Nxc4 17. Bxc4 Bxc4 18. Rd1 b5 19. Qc2 a5 20. a4 b4 21. cxb4 axb4 22. Bb2 Qc6 23. Qd2 Bb3 24. Rdc1 Red8 25. Qxb4 cxb4 26. Rxc6 Bc4 27. Rb6 Rdb8 28. a5 Nd7 29. Rxb8+ Rxb8 30. Kf2 Nc5 31. h4 Ra8 32. g4 h6 33. g5 hxg5 34. hxg5 Nb3 35. Ra4 Rxa5 36. Rxb4 Ra2 37. Rb8+ Kh7 38. Kg3 Rxb2 39. Nh5 Re2 40. Re8 Nd4 41. Nf4 Nf5+ 42. Kg4 Rxe3 43. Rf8 Nd6 44. Rd8 Nb5 45. Rd7 d4 46. Nh5 Be6+ 0-1


[Site "https://www.chess.com"]

[Event "Titled Tuesday Blitz March 21 Late 2023"]
[White "Timofeev, Artyom"]
[Black "Stelmaszyk, Nico"]
[WhiteFideId "4140419"]
[BlackFideId "16200462"]
[WhiteElo "2586"]
[BlackElo "2255"]
[Result "1/2-1/2"]
[Round "01"]
[TimeControl "180+2"]
[Date "2023.03.21"]
[WhiteClock "0:00:06"]
[BlackClock "0:00:21"]

1. e4 c5 2. Nf3 Nc6 3. d4 cxd4 4. Nxd4 e6 5. Nc3 Nf6 6. Ndb5 d6 7. Bf4 e5 8. Bg5 a6 9. Na3 b5 10. Nd5 Be7 11. Bxf6 Bxf6 12. c4 b4 13. Nc2 O-O 14. Qf3 Bg5 15. h4 Be7 16. Rd1 Rb8 17. Be2 Be6 18. g3 Kh8 19. O-O f5 20. Nxe7 Nxe7 21. c5 d5 22. exd5 Bxd5 23. Qe3 Qc7 24. Bxa6 f4 25. Qe2 Bxa2 26. Bc4 f3 27. Qe4 Bxc4 28. Qxc4 Nf5 29. Rd5 e4 30. Qxe4 Nxg3 31. Qe5 Qxe5 32. Rxe5 Nxf1 33. Kxf1 Rf4 34. h5 Rc4 35. Ne1 Rc1 36. Kg1 h6 37. Kh2 Rc8 38. Nd3 Rc4 39. Kg3 Rd4 40. Re3 Rf8 41. Ne5 Kh7 42. c6 Rd5 43. Nxf3 Rxh5 44. Nd4 Rc5 45. Ne6 Rff5 46. Nxc5 Rxc5 47. Re4 b3 48. Rb4 Rxc6 49. Rxb3 Rc1 50. Rb8 Kg6 51. b4 Rb1 52. b5 Kg5 53. b6 g6 54. b7 Rb3+ 55. Kg2 Kh5 56. f4 Kg4 57. f5 Rb2+ 58. Kf1 Kf3 59. Kg1 gxf5 60. Rf8 Rxb7 61. Rxf5+ Kg4 62. Rf8 h5 63. Rf2 Rb1+ 64. Kh2 h4 65. Rg2+ Kf4 66. Rf2+ Kg4 67. Rg2+ Kf3 68. Ra2 Rf1 69. Ra3+ Kg4 70. Ra4+ Rf4 71. Rxf4+ Kxf4 72. Kh3 Kg5 73. Kh2 Kg4 74. Kg2 h3+ 75. Kh2 Kh4 76. Kh1 Kg3 77. Kg1 h2+ 78. Kh1 Kh3 1/2-1/2


[Site "https://www.chess.com"]

[Event "Titled Tuesday Blitz March 21 Late 2023"]
[White "Przybylski, Wojciech"]
[Black "Idani, Pouya"]
[WhiteFideId "1117599"]
[BlackFideId "12510130"]
[WhiteElo "2222"]
[BlackElo "2574"]
[Result "0-1"]
[Round "01"]
[TimeControl "180+2"]
[Date "2023.03.21"]
[WhiteClock "0:00:05"]
[BlackClock "0:00:53"]

1. e4 c5 2. Nf3 d6 3. Bb5+ Nd7 4. a4 Nf6 5. Nc3 a6 6. Bc4 b6 7. O-O e6 8. d4 cxd4 9. Nxd4 Qc7 10. Ba2 Nc5 11. Qe2 Be7 12. b4 Ncd7 13. Bb2 O-O 14. f4 Bb7 15. Rae1 d5 16. e5 Ne4 17. Nxe4 dxe4 18. c3 a5 19. Nb5 Qc6 20. Bb3 axb4 21. cxb4 Bxb4 22. Rc1 Nc5 23. Nd6 Ba6 24. Bc4 Bxc4 25. Rxc4 Rxa4 26. f5 exf5 27. Nxf5 Qe6 28. Qg4 g6 29. Nh6+ Kg7 30. Qf4 Nd3 31. Qf6+ Qxf6 32. exf6+ Kxh6 33. Rxe4 g5 34. Kh1 Nxb2 35. h4 Kg6 36. hxg5 Bd6 37. Re2 Rh4+ 38. Kg1 Bc5+ 39. Rff2 Nd3 40. g3 Rc4 41. Kg2 Nxf2 42. g4 Rxg4+ 43. Kf3 Rxg5 44. Re7 Rf5+ 45. Kg3 Bd6+ 46. Kg2 Bxe7 47. fxe7 Re8 48. Kg3 Ne4+ 49. Kh4 Rg5 50. Kh3 Kf5 51. Kh4 Kf4 52. Kh3 Rg4 53. Kh2 Rg3 54. Kh1 Kf3 55. Kh2 Kf2 56. Kh1 Rh3# 0-1


[Site "https://www.chess.com"]

[Event "Titled Tuesday Blitz March 21 Late 2023"]
[White "Galaktionov, Artem"]
[Black "aidenzhouu"]
[WhiteFideId "24175471"]
[WhiteElo "2340"]
[BlackElo "2447"]
[Result "1-0"]
[Round "01"]
[TimeControl "180+2"]
[Date "2023.03.21"]
[WhiteClock "0:00:27"]
[BlackClock "0:00:07"]

1. d4 Nf6 2. Nf3 g6 3. c4 Bg7 4. Nc3 O-O 5. e4 d6 6. Be2 e5 7. O-O Nc6 8. d5 Ne7 9. Ne1 Nd7 10. f3 f5 11. g4 Nf6 12. Nd3 f4 13. h4 b6 14. Bd2 a5 15. b3 h5 16. g5 Nd7 17. Kh2 Nc5 18. Rg1 Qd7 19. Nf2 c6 20. Bf1 cxd5 21. cxd5 Ba6 22. Bh3 Qa7 23. a3 b5 24. Kg2 Nd7 25. b4 a4 26. Nd3 Nb6 27. Be6+ Kh7 28. Nb2 Rfe8 29. Be1 Nc6 30. dxc6 Rxe6 31. Bf2 Qc7 32. Rc1 Qxc6 33. Bxb6 Qxb6 34. Nd5 Qa7 35. Rc7 Qd4 36. Qc2 Ree8 37. Rd1 Qxd1 38. Nxd1 Rec8 39. Qc6 Rxc7 40. Nxc7 Rc8 41. Nc3 1-0


[Site "https://www.chess.com"]

[Event "Titled Tuesday Blitz March 21 Late 2023"]
[White "Grot, Blazej"]
[Black "Urazayev, Arystanbek"]
[WhiteFideId "21835845"]
[BlackFideId "13709810"]
[WhiteElo "1823"]
[BlackElo "2479"]
[Result "0-1"]
[Round "01"]
[TimeControl "180+2"]
[Date "2023.03.21"]
[WhiteClock "0:00:01"]
[BlackClock "0:00:39"]

1. e4 e5 2. Nf3 Nc6 3. Bc4 Nf6 4. d3 d5 5. exd5 Nxd5 6. O-O Bg4 7. h3 Bh5 8. Nbd2 Qd7 9. Re1 O-O-O 10. Nxe5 Bxd1 11. Nxd7 Bxc2 12. Bxd5 Rxd7 13. Bxc6 bxc6 14. d4 Bb4 15. a3 Ba5 16. b4 Bb6 17. Nf3 f6 18. Be3 Be4 19. a4 Bxf3 20. gxf3 Bxd4 21. Bxd4 Rxd4 22. Re7 Rxb4 23. Rxg7 c5 24. Re1 Rb6 25. Ree7 Rc6 26. Rxh7 Rd8 27. Rh4 c4 28. Ree4 Rd1+ 29. Kg2 Rc1 30. Rhf4 f5 31. Rd4 Rg6+ 32. Kh2 Rcg1 33. h4 c3 34. Rc4 Rc1 35. h5 Rgg1 36. Rxf5 Rh1+ 37. Kg3 Rcg1+ 38. Kf4 Rh4+ 39. Ke3 Rxc4 40. h6 c2 41. h7 c1=Q+ 0-1


[Site "https://www.chess.com"]

[Event "Titled Tuesday Blitz March 21 Late 2023"]
[White "Averjanov, Alexey"]
[Black "Girsh, Daniel"]
[WhiteFideId "14109867"]
[BlackFideId "30949190"]
[WhiteElo "2815"]
[BlackElo "2075"]
[Result "1/2-1/2"]
[Round "01"]
[TimeControl "180+2"]
[Date "2023.03.21"]
[WhiteClock "0:01:12"]
[BlackClock "0:01:48"]

1. d4 Nf6 2. c4 e6 3. Nf3 Bb4+ 4. Nbd2 O-O 5. g3 c5 6. Bg2 cxd4 7. Nxd4 Nc6 8. Nc2 Be7 9. O-O d5 10. cxd5 Nxd5 11. Nf3 b6 12. Ne3 Nxe3 13. Bxe3 Bb7 14. Rc1 Rc8 15. Qxd8 Rfxd8 16. Rfd1 Rxd1+ 17. Rxd1 Rd8 18. Rxd8+ Nxd8 19. Nd4 Bxg2 20. Kxg2 Bf6 21. b3 Kf8 22. Kf3 Bxd4 23. Bxd4 Nc6 24. Bc3 f6 25. Ke4 Ke7 26. Kd3 Kd6 27. Kc4 a6 28. a4 Na7 29. Bd4 Kc6 30. e4 Nc8 31. f3 b5+ 32. axb5+ axb5+ 33. Kd3 Ne7 34. g4 Ng6 35. Ke3 e5 36. Bc3 Kc5 37. Be1 Nf4 38. Bd2 Ne6 39. Bc3 g5 40. Kd3 Nf4+ 41. Ke3 Ne6 42. Kd3 Nf4+ 43. Ke3 1/2-1/2


[Site "https://www.chess.com"]

[Event "Titled Tuesday Blitz March 21 Late 2023"]
[White "Mazurkiewicz, Michal"]
[Black "Vakhlamov, Igor L."]
[WhiteFideId "1124943"]
[BlackFideId "24126748"]
[WhiteElo "2054"]
[BlackElo "2400"]
[Result "1/2-1/2"]
[Round "01"]
[TimeControl "180+2"]
[Date "2023.03.21"]
[WhiteClock "0:00:06"]
[BlackClock "0:00:18"]

1. e4 c5 2. Nf3 e6 3. d3 d5 4. Nbd2 Nc6 5. g3 Nf6 6. Bg2 g6 7. O-O Bg7 8. Re1 O-O 9. Qe2 a5 10. Nf1 e5 11. exd5 Nxd5 12. Ne3 Be6 13. Ng5 Qxg5 14. Nxd5 Qd8 15. Nc3 Qd7 16. Ne4 b6 17. Bh6 f5 18. Bxg7 Kxg7 19. Nc3 e4 20. dxe4 Nd4 21. Qd1 f4 22. Nd5 f3 23. Bf1 Bxd5 24. exd5 Qf5 25. c3 Ne2+ 26. Bxe2 fxe2 27. Rxe2 Rf7 28. Rd2 Rd8 29. d6 Rfd7 30. Qe2 Qf6 31. Rad1 Rxd6 32. Rxd6 Rxd6 33. Rxd6 Qxd6 34. f4 Kf7 35. Kf2 Qd5 36. Qe5 Qd2+ 37. Qe2 Qd5 38. Qe5 Qd2+ 39. Qe2 Qd5 1/2-1/2


[Site "https://www.chess.com"]

[Event "Titled Tuesday Blitz March 21 Late 2023"]
[White "Raja Rithvik R"]
[Black "Dias, Paulo"]
[WhiteFideId "35007394"]
[BlackFideId "1900803"]
[WhiteElo "2402"]
[BlackElo "2293"]
[Result "1-0"]
[Round "01"]
[TimeControl "180+2"]
[Date "2023.03.21"]
[WhiteClock "0:00:06"]
[BlackClock "0:00:10"]

1. b3 d5 2. Bb2 Nf6 3. e3 Bf5 4. Nf3 c6 5. d3 e6 6. Nbd2 Nbd7 7. Be2 a5 8. Nh4 Bg6 9. a3 Be7 10. O-O a4 11. b4 c5 12. bxc5 Bxc5 13. c4 O-O 14. Nxg6 hxg6 15. cxd5 Nxd5 16. Ne4 Be7 17. d4 N7f6 18. Nc5 Bxc5 19. dxc5 Qa5 20. Qd4 Rac8 21. Rac1 Rfd8 22. Bf3 Ne7 23. Qh4 Rxc5 24. Rxc5 Qxc5 25. Qxa4 Ned5 26. Rc1 Qb6 27. Bd4 Qa6 28. Qxa6 bxa6 29. g3 Rb8 30. Rc6 Rb1+ 31. Kg2 a5 32. Ra6 g5 33. h3 Rc1 34. Rxa5 Rc2 35. a4 Ra2 36. Ra8+ Kh7 37. a5 e5 38. Bxe5 Nxe3+ 39. Kg1 Nc4 40. Bxf6 gxf6 41. a6 Ra3 42. Be4+ Kg7 43. a7 Nd6 44. Rd8 Nxe4 45. a8=Q Rxa8 46. Rxa8 f5 47. Ra6 f6 48. Kg2 Kg6 49. Ra4 Nc5 50. Rc4 Ne6 51. Kf3 Ng7 52. Rc6 Kf7 53. Ke3 Ne6 54. Ra6 f4+ 55. Kf3 fxg3 56. fxg3 Nd4+ 57. Ke4 Ne6 58. Rc6 Nf8 59. Kf5 Nd7 60. Rc7 Ke7 61. Rxd7+ 1-0


[Site "https://www.chess.com"]

[Event "Titled Tuesday Blitz March 21 Late 2023"]
[White "Baches Garcia, Guillermo"]
[Black "Kobo, Ori"]
[WhiteFideId "2209764"]
[BlackFideId "2812320"]
[WhiteElo "2435"]
[BlackElo "2447"]
[Result "0-1"]
[Round "01"]
[TimeControl "180+2"]
[Date "2023.03.21"]
[WhiteClock "0:00:41"]
[BlackClock "0:00:59"]

1. e4 c5 2. Nf3 d6 3. d4 cxd4 4. Nxd4 Nf6 5. Nc3 Nc6 6. Bb5 Bd7 7. Be3 e6 8. Qe2 Be7 9. O-O-O Qc7 10. g4 a6 11. Bxc6 Bxc6 12. g5 Nxe4 13. Nxe4 Bxe4 14. f3 Bc6 15. h4 Rc8 16. h5 Bd7 17. g6 Qc4 18. Qxc4 Rxc4 19. b3 Rc8 20. Rhg1 hxg6 21. hxg6 e5 22. gxf7+ Kxf7 23. Ne2 Rh2 24. Rd2 d5 25. Re1 Bb4 26. c3 d4 27. Bg1 Rg2 28. f4 Bxc3 29. Nxc3 Rxc3+ 30. Kd1 Bg4+ 0-1


[Site "https://www.chess.com"]

[Event "Titled Tuesday Blitz March 21 Late 2023"]
[White "Pap, Gyula"]
[Black "Piriflillo"]
[WhiteFideId "725323"]
[WhiteElo "2519"]
[BlackElo "2434"]
[Result "1-0"]
[Round "01"]
[TimeControl "180+2"]
[Date "2023.03.21"]
[WhiteClock "0:00:22"]
[BlackClock "0:00:02"]

1. d4 Nf6 2. c3 d5 3. Bg5 Ne4 4. Bf4 c5 5. e3 Nc6 6. Bd3 Qb6 7. Qe2 e6 8. Nf3 Be7 9. O-O O-O 10. a4 Na5 11. Bxe4 dxe4 12. Ng5 Bxg5 13. Bxg5 Nc6 14. a5 Nxa5 15. Be7 Re8 16. dxc5 Qc6 17. Rxa5 Rxe7 18. Na3 b6 19. cxb6 axb6 20. Rxa8 Qxa8 21. Rd1 Rd7 22. h4 Rxd1+ 23. Qxd1 Qd5 24. Qxd5 exd5 25. Nb5 Kf8 26. Nc7 Bb7 27. g4 Ke7 28. Kg2 Kd6 29. Ne8+ Kc5 30. Nxg7 Kc4 31. Kf1 Kb3 32. Ke1 Kxb2 33. Kd2 Bc8 34. g5 Bd7 35. Nh5 Kb3 36. Nf6 Bf5 37. Nxd5 Kc4 38. Nxb6+ Kb5 39. Nd5 Kc5 40. Nf4 Kc4 41. Ne2 Bd7 42. Ng3 Bc6 43. Nf5 Bd7 44. Nd6+ Kd5 45. Nxf7 Ke6 46. Nh6 Bc6 47. c4 Ke5 48. Kc3 Kd6 49. Kd4 Ke6 50. Kc5 Bd7 51. Kb6 Kd6 52. c5+ Kd5 53. Ng8 1-0


[Site "https://www.chess.com"]

[Event "Titled Tuesday Blitz March 21 Late 2023"]
[White "Dzierzak, Radoslaw"]
[Black "Bordi, Kevin"]
[WhiteFideId "1161407"]
[BlackFideId "621862"]
[WhiteElo "2166"]
[BlackElo "2808"]
[Result "0-1"]
[Round "01"]
[TimeControl "180+2"]
[Date "2023.03.21"]
[WhiteClock "0:00:05"]
[BlackClock "0:00:46"]

1. e4 d5 2. exd5 Qxd5 3. Nc3 Qa5 4. d4 Nf6 5. Nf3 Nc6 6. Bb5 Ne4 7. Bxc6+ bxc6 8. O-O Nxc3 9. bxc3 Qxc3 10. Bd2 Qc4 11. Bf4 Bg4 12. h3 Bh5 13. g4 Bg6 14. Ne5 Qxc2 15. Qxc2 Bxc2 16. Rfc1 Be4 17. Nxc6 h5 18. g5 f6 19. Na5 Rc8 20. Bxc7 fxg5 21. Be5 Rxc1+ 22. Rxc1 g4 23. h4 Rh6 24. Rc8+ Kf7 25. Bf4 Ra6 26. Nc4 Rxa2 27. Ne5+ Ke6 28. Kf1 g5 29. hxg5 Bg7 30. Rg8 Bxe5 31. Bxe5 Bf3 32. Ke1 Re2+ 33. Kf1 Rd2 34. Ke1 Rd1# 0-1


[Site "https://www.chess.com"]